 Dungeon Crawl Stone Soup version 0.31-a0-202-g547052bce9 (webtiles) character file.

Game seed: 10506612113299975470

989 qw the Skirmisher (level 7, -11/40 HPs)
             Began as a Deep Elf Hunter on June 26, 2023.
             Was an Initiate of Okawaru.
             Mangled by an orc warrior
             ... wielding a +0 battleaxe
              (46 damage)
             ... on level 6 of the Dungeon.
             The game lasted 00:01:47 (4711 turns).

qw the Skirmisher (Deep Elf Hunter)                 Turns: 4711, Time: 00:01:48

Health: -11/40     AC:  7    Str: 10    XL:     7   Next: 98%
Magic:  7/10       EV:  2    Int: 14    God:    Okawaru [......]
Gold:   91         SH:  0    Dex: 24    Spells: 6/6 levels left

rFire   . . .        Y - +0 shortbow
rCold   . . .        (shield currently unavailable)
rNeg    . . .        d - +1 ring mail
rPois   .            (no helmet)
rElec   .            (no cloak)
rCorr   .            (no gloves)
SInv    .            (no boots)
Will    .....        l - amulet of faith
Stlth   +++          h - +6 ring of dexterity
HPRegen 0.26/turn    (no ring)
MPRegen 0.12/turn

%: faith
@: sleeping, heroic
A: no striking features
a: Renounce Religion


You were on level 6 of the Dungeon.
You worshipped Okawaru.
Okawaru was noncommittal.
You visited 2 branches of the dungeon, and saw 7 of its levels.

You collected 181 gold pieces.
You spent 90 gold pieces at shops.


   Skills:
 - Level 2.1(7.1) Fighting
 - Level 12.1(17.1) Ranged Weapons
 + Level 0.0(5.0) Armour
 - Level 4.0(9.0) Dodging
 - Level 1.2(6.2) Stealth
 - Level 1.7 Invocations


You had 6 spell levels left.
You didn't know any spells.
Your spell library was empty.

Inventory:

Hand Weapons
 Y - a +0 shortbow (weapon)
Armour
 d - a +1 ring mail (worn)
Jewellery
 h - a +6 ring of dexterity (left hand)
 l - an amulet of faith (around neck)
Scrolls
 b - 2 scrolls of teleportation
 i - a scroll of identify
Potions
 a - a potion of berserk rage {unknown}
 c - a potion of curing {unknown}
 e - a potion of haste
 f - a potion of brilliance {unknown}
 k - a potion of enlightenment {unknown}

Dungeon Overview and Level Annotations

Branches:
Dungeon (6/15)             Temple (1/1) D:4

Altars:
Ashenzari
Cheibriados
Dithmenos
Elyvilon
Fedhas
Gozag
Hepliaklqana
Makhleb
Nemelex Xobeh
Okawaru
Qazlal
Ru
Sif Muna
Uskayaw
Vehumet
Xom
Yredelemnul
Zin
The Shining One

Shops:
D:1 (   D:4 :*?[?

Annotations:
D:4 1 runed translucent door, qw's ghost, amateur DEHu


Message History

The arrow hits the orc warrior but does no damage.
The orc warrior is lightly wounded.
You hear a shout!
The orc warrior misses you.
You shoot an arrow. The arrow hits the orc warrior.
The orc warrior is lightly wounded.
You shoot an arrow.
The arrow barely misses the orc warrior.
You feel yourself slow down. The orc warrior misses you.
A sleepcap comes into view.
You shoot an arrow. The arrow hits the orc warrior.
The orc warrior is lightly wounded.
The orc warrior completely misses you.
You shoot an arrow. The arrow hits the orc warrior!
The orc warrior is heavily wounded.
The orc warrior closely misses you.
An orc comes into view. It is wielding a +0 flail.
You shoot an arrow. The arrow hits the orc warrior.
The orc warrior is severely wounded.
You shoot an arrow. The arrow hits the orc warrior.
The orc warrior is severely wounded.
The orc warrior barely misses you.
You shoot an arrow.
The arrow hits the orc warrior but does no damage.
The orc warrior is severely wounded.
You feel like a meek peon again.
4709 ||| INVOKING Heroism.
You gain the combat prowess of a mighty hero.
You can no longer gain great but temporary skills.
The orc warrior closely misses you. The sleepcap barely misses you.
You shoot an arrow.
The arrow hits the orc warrior but does no damage.
The orc warrior is severely wounded.
The orc warrior misses you. The sleepcap releases spores at you.
You are engulfed in a cloud of soporific spores!
You fall asleep.
The orc warrior hits you with a +0 battleaxe!!!
Ouch! That really hurt!
You die...

#################
.......<........#
##############.##
#.# #.## # #.o#)#
##@fo# #####


You could see an orc warrior, a sleepcap and an orc.

Vanquished Creatures
  A kobold demonologist (D:5)
  A black bear (D:3)
  2 phantoms
  A scorpion (D:4)
  2 orc priests
  3 hounds
  An iron imp (D:3)
  A sleepcap (D:5)
  Terence (D:2)
  2 iguanas (D:5)
  An orc wizard (D:4)
  4 adders
  A white imp (D:4)
  2 worms
  2 dart slugs
  11 orcs
  7 ball pythons
  8 endoplasms
  A giant cockroach (D:1)
  8 goblins
  2 hobgoblins
  3 jackals (D:1)
  8 kobolds
  2 quokkas
  5 bats
  2 frilled lizards
  7 rats
89 creatures vanquished.

Notes
Turn   | Place    | Note
-------+----------+-------------------------------------------
     0 | D:1      | qw the Deep Elf Hunter began the quest for the Orb.
     0 | D:1      | Reached XP level 1. HP: 12/12 MP: 3/3
     0 | D:1      | 0 ||| qw: Version: 0.3-a-22-g0ed2b0b
     0 | D:1      | 0 ||| qw: Game counter: 6031
     0 | D:1      | 0 ||| qw: Melee chars always use a shield: true
     0 | D:1      | 0 ||| qw: God list: Okawaru
     0 | D:1      | 0 ||| qw: Allow faded altars: false
     0 | D:1      | 0 ||| qw: Do Orc after clearing Dungeon:15 true
     0 | D:1      | 0 ||| qw: Do second Lair branch before Depths: true
     0 | D:1      | 0 ||| qw: Lair rune preference: random
     0 | D:1      | 0 ||| qw: Goals: Normal
     0 | D:1      | 0 ||| PLANNING D:1-11
    96 | D:1      | Reached skill level 6 in Ranged Weapons
    96 | D:1      | Reached XP level 2. HP: 16/16 MP: 4/4
   557 | D:1      | Reached XP level 3. HP: 14/20 MP: 5/5
   794 | D:1      | Found Xach's Antique Weapon Emporium.
   875 | D:1      | 875 ||| UPGRADING to +6 ring of dexterity.
   876 | D:1      | 876 ||| READING scroll labelled AVEKURUEPI.
   877 | D:1      | 877 ||| READING 2 scrolls labelled EDGHURPHO IWUTHOL.
   882 | D:1      | 882 ||| READING 3 scrolls labelled JIYMAILIJI.
   883 | D:1      | 883 ||| READING scroll labelled UGREJA ZUUKKUAGEU.
   884 | D:1      | 884 ||| DROPPING scroll of butterflies.
   885 | D:1      | 885 ||| DROPPING 2 scrolls of immolation.
   887 | D:1      | 887 ||| Stepping ~*~*~tactically~*~*~ (cloud).
   954 | D:2      | Noticed Terence
   954 | D:2      | Found a faded altar of an unknown god.
   959 | D:2      | Killed Terence
   960 | D:2      | Reached skill level 7 in Ranged Weapons
  1542 | D:2      | 1542 ||| UPGRADING to +0 scale mail.
  1552 | D:2      | 1552 ||| DROPPING +0 leather armour.
  1553 | D:2      | 1553 ||| READING scroll labelled HOR RAN JUUMIN.
  1589 | D:2      | 1589 ||| READING scroll labelled WUERESHROAM.
  1590 | D:2      | 1590 ||| DRINKING 2 bubbling cyan potions.
  1591 | D:2      | 1591 ||| DROPPING potion of degeneration.
  1661 | D:3      | Reached XP level 4. HP: 25/25 MP: 6/6
  1779 | D:3      | Found a hide-covered altar of Uskayaw.
  1936 | D:3      | Found a snail-covered altar of Cheibriados.
  2052 | D:3      | 2052 ||| Stepping ~*~*~tactically~*~*~ (outnumbered).
  2060 | D:3      | HP: 5/25 [orc/+2 short sword of speed (5)]
  2061 | D:3      | 2061 ||| READING scroll of teleportation.
  2217 | D:3      | Reached skill level 8 in Ranged Weapons
  2348 | D:3      | Reached XP level 5. HP: 10/29 MP: 7/7
  2461 | D:3      | 2461 ||| UPGRADING to +0 ring mail.
  2471 | D:3      | 2471 ||| DROPPING +0 scale mail.
  2472 | D:3      | 2472 ||| READING scroll labelled VEOLIE RASM.
  2491 | D:4      | Noticed a phantom
  2502 | D:4      | Killed a phantom
  2503 | D:4      | Reached skill level 9 in Ranged Weapons
  2564 | D:4      | Found a runed translucent door.
  2624 | D:4      | Found Jestroda's Magic Scroll Shop.
  2627 | D:4      | 2627 ||| SHOPLISTING scroll of brand weapon (114 gold, have
                  | 99).
  2627 | D:4      | 2627 ||| BUYING scroll of enchant armour (90 gold).
  2627 | D:4      | Bought a scroll of enchant armour for 90 gold pieces
  2627 | D:4      | 2627 ||| SHOPLISTING scroll of enchant weapon (90 gold,
                  | have 9).
  2627 | D:4      | 2627 ||| SHOPLISTING scroll of identify (24 gold, have 9).
  2627 | D:4      | 2627 ||| SHOPLISTING scroll of teleportation (36 gold, have
                  | 9).
  2627 | D:4      | 2627 ||| READING scroll of enchant armour.
  2627 | D:4      | 2627 ||| ENCHANTING +0 ring mail.
  2631 | D:4      | Reached skill level 3 in Dodging
  2655 | D:4      | Found a staircase to the Ecumenical Temple.
  2656 | D:4      | 2656 ||| PLANNING TEMPLE
  2665 | Temple   | Entered the Ecumenical Temple
  2740 | Temple   | 2740 ||| PLANNING OKAWARU WORSHIP
  2966 | Temple   | Became a worshipper of Warmaster Okawaru
  2967 | Temple   | 2967 ||| PLANNING D:1-11
  3165 | D:4      | Reached XP level 6. HP: 29/35 MP: 8/8
  3229 | D:4      | 3229 ||| FLEEEEING.
  3230 | D:4      | 3230 ||| FLEEEEING.
  3231 | D:4      | 3231 ||| FLEEEEING.
  3232 | D:4      | 3232 ||| FLEEEEING.
  3233 | D:4      | 3233 ||| FLEEEEING.
  3234 | D:4      | 3234 ||| FLEEEEING.
  3235 | D:4      | 3235 ||| FLEEEEING.
  3236 | D:4      | 3236 ||| FLEEEEING.
  3237 | D:4      | 3237 ||| FLEEEEING.
  3238 | D:4      | 3238 ||| FLEEEEING.
  3239 | D:4      | 3239 ||| FLEEEEING.
  3240 | D:4      | 3240 ||| FLEEEEING.
  3241 | D:4      | 3241 ||| FLEEEEING.
  3242 | D:4      | 3242 ||| FLEEEEING.
  3243 | D:4      | 3243 ||| FLEEEEING.
  3244 | D:4      | 3244 ||| FLEEEEING.
  3245 | D:4      | 3245 ||| FLEEEEING.
  3246 | D:4      | 3246 ||| FLEEEEING.
  3247 | D:4      | 3247 ||| FLEEEEING.
  3248 | D:4      | 3248 ||| FLEEEEING.
  3249 | D:4      | 3249 ||| FLEEEEING.
  3250 | D:4      | 3250 ||| FLEEEEING.
  3251 | D:4      | 3251 ||| FLEEEEING.
  3251 | D:4      | Found Naaxzuatt's Assorted Antiques.
  3252 | D:4      | 3252 ||| FLEEEEING.
  3252 | D:4      | Found Poinguz's Magic Scroll Emporium.
  3253 | D:4      | 3253 ||| STAIRDANCE
  3291 | D:4      | 3291 ||| STAIRDANCE
  3300 | D:3      | Reached skill level 10 in Ranged Weapons
  3392 | D:4      | 3392 ||| SHOPLISTING scroll of enchant weapon (90 gold,
                  | have 9).
  3392 | D:4      | 3392 ||| SHOPLISTING scroll of identify (24 gold, have 9).
  3398 | D:4      | 3398 ||| SHOPLISTING jewelled leather armour (224 gold,
                  | have 9).
  3398 | D:4      | 3398 ||| SHOPLISTING pair of gloves (144 gold, have 9).
  3398 | D:4      | 3398 ||| SHOPLISTING pair of runed boots (240 gold, have
                  | 9).
  3398 | D:4      | 3398 ||| SHOPLISTING sapphire potion (28 gold, have 9).
  3398 | D:4      | 3398 ||| SHOPLISTING smoky black potion (28 gold, have 9).
  3398 | D:4      | 3398 ||| SHOPLISTING white potion (28 gold, have 9).
  3413 | D:4      | Identified the +1 ring mail "Havoemuh" {Harm +Inv Will-
                  | Int+5}
  3427 | D:4      | Found Yvococ's Antique Armour Shop.
  3430 | D:4      | 3430 ||| SHOPLISTING -2 hat of the Alchemist {rElec rPois
                  | rF+ rC+ rN+ Will+ rMut rCorr} (849 gold, have 9).
  3547 | D:4      | Found Fippoh's Book Boutique.
  3751 | D:4      | Noticed qw's ghost (amateur DEHu)
  3752 | D:4      | 3752 ||| DROPPING +1 ring mail "Havoemuh" {Harm +Inv Will-
                  | Int+5}.
  3753 | D:4      | 3753 ||| READING scroll labelled ZITSOJ AFUKI.
  3895 | D:5      | Entered Level 5 of the Dungeon
  3909 | D:5      | Reached XP level 7. HP: 40/40 MP: 9/9
  3951 | D:5      | Found a stormy altar of Qazlal.
  4083 | D:5      | Reached * piety under Okawaru
  4122 | D:5      | 4122 ||| INVOKING Heroism.
  4241 | D:5      | Noticed a kobold demonologist
  4257 | D:5      | Killed a kobold demonologist
  4258 | D:5      | Reached skill level 11 in Ranged Weapons
  4380 | D:5      | 4380 ||| INVOKING Heroism.
  4509 | D:5      | Reached skill level 12 in Ranged Weapons
  4509 | D:5      | Reached skill level 1 in Invocations
  4637 | D:5      | 4637 ||| UPGRADING to amulet of faith.
  4642 | D:5      | 4642 ||| READING 3 scrolls labelled MOANNI YHAOSUPT.
  4643 | D:5      | 4643 ||| DRINKING 2 smoky black potions.
  4644 | D:5      | 4644 ||| DRINKING 2 orange potions.
  4659 | D:5      | 4659 ||| DROPPING potion of ambrosia.
  4660 | D:5      | 4660 ||| DROPPING 2 scrolls of amnesia.
  4692 | D:6      | 4692 ||| INVOKING Heroism.
  4709 | D:6      | 4709 ||| INVOKING Heroism.
  4711 | D:6      | Mangled by an orc warrior

Levels and vault maps discovered:
D:1:      dpeg_arrival_arbitrary_b, layout_basic, serial_shops, shop
D:2:      layout_basic, chequers_ecumenical_altar_simple, uniq_terence
D:3:      layout_loops_ring, slow_altar_2, lemuel_crystal_altar
D:4:      layout_rooms, minmay_temple_entry_junction_2, ebering_ghost_sewer_d,
          serial_shops, nicolae_shop_tiny_real_fake_doors,
          nicolae_shop_tiny_waterfront, nicolae_shop_behind_doors,
          nicolae_shop_pleasant_corner_grove, shop
D:5:      layout_basic, mainiacjoe_overflow_tiny_flanked
D:6:      layout_rooms, serial_co_window_serial, co_window_paths_a,
          co_window_corner_a, co_window_corner_a, co_window_paths_a,
          co_window_corner_a, co_window_of_opportunity_a,
          co_window_of_opportunity_c, co_window_2corner, co_window_corner_cb,
          glass_columns_a, hangedman_abyss_or_decor_passed,
          nicolae_alphabet_shops, nicolae_underground_beach, uniq_grinder
Temple:   minmay_temple_bridge_d

Skill      XL: |  1  2  3  4  5  6  7 |
---------------+----------------------+-----
Ranged Weapons | 6 7 8 9 10 12 | 12.1
Dodging        | 3 4 |  4.0
Fighting       | 2 |  2.1
Invocations    | 1 |  1.7
Stealth        | |  1.2

Action                     |  1- 3 |  4- 6 |  7- 9 || total
---------------------------+-------+-------+-------++-------
   Fire: Shortbow          |    79 |   154 |   124 ||   357
 Invoke: Heroism           |       |       |     4 ||     4
    Use: Scroll            |     6 |     4 |     1 ||    11
         Potion            |     1 |       |     2 ||     3
 Armour: Leather armour    |     3 |       |       ||     3
         Scale mail        |     1 |     9 |       ||    10
         Ring mail         |       |    23 |    21 ||    44
  Dodge: Dodged            |    20 |    45 |    54 ||   119

Table legend:
 A = Non-vault XP
 B = Vault XP
 C = Vault XP percentage of total XP
 D = Non-vault monster count
 E = Vault monster count
 F = Vault count percentage of total count
                 A         B        C        D         E       F
            +---------+---------+-------+---------+---------+-------
      Total |    1339 |      75 |   5.3 |      87 |       2 |   2.2
            +---------+---------+-------+---------+---------+-------
        D:1 |      43 |       0 |   0.0 |      24 |       0 |   0.0
        D:2 |      17 |      36 |  67.9 |      10 |       1 |   9.1
        D:3 |     207 |      39 |  15.9 |      16 |       1 |   5.9
        D:4 |     317 |       0 |   0.0 |      21 |       0 |   0.0
        D:5 |     746 |       0 |   0.0 |      13 |       0 |   0.0
        D:6 |       9 |       0 |   0.0 |       3 |       0 |   0.0
            +---------+---------+-------+---------+---------+-------
